 Dungeon Crawl Stone Soup version 0.29.1-12-g30fa7ad0bf (webtiles) character file.

Game seed: 13870069065625139622

9 Radix the Trooper (level 2, 0/25 HPs)
             Began as a Barachi Wanderer on Jan 11, 2023.
             Slain by a quokka (1 damage)
             ... on level 1 of the Dungeon.
             The game lasted 00:01:59 (225 turns).

Radix the Trooper (Barachi Wanderer)                 Turns: 225, Time: 00:02:00

Health: 0/25       AC:  2    Str: 12    XL:     2   Next: 12%
Magic:  1/4        EV: 11    Int: 13    God:
Gold:   39         SH:  0    Dex: 11    Spells: 2/3 levels left

rFire   . . .      SeeInvis .   a - +3 short sword
rCold   . . .      Faith    .   (no shield)
rNeg    . . .      Spirit   .   c - +0 robe
rPois   .          Reflect  .   (no helmet)
rElec   .          Harm     .   (no cloak)
rCorr   .          Rampage  .   (no gloves)
Will    .....                   (no boots)
Stlth   +.........              (no amulet)
HPRegen 0.08/turn               (no ring)
MPRegen 0.09/turn               (no ring)

@: slow
A: amphibious, slowness 1, strong legs 1, +LOS
a: Hop


You were on level 1 of the Dungeon.
You visited 1 branch of the dungeon, and saw 1 of its levels.

You collected 39 gold pieces.

Inventory:

Hand Weapons
 a - a +3 short sword (weapon)
 e - a +1 dagger of electrocution
Armour
 c - a +0 robe (worn)
Scrolls
 d - a scroll of fog {unknown}
 f - a scroll of silence {unknown}
 g - a scroll of identify {unknown}


   Skills:
 + Level 3.8 Fighting
 + Level 3.4 Short Blades
 + Level 1.4 Spellcasting
 + Level 3.1 Earth Magic


You had 2 spell levels left.
You knew the following spells:

 Your Spells              Type           Power      Damage    Failure   Level
a - Sandblast             Erth           18%        2d7       8%          1

Your spell library contained the following spells:

 Spells                   Type           Power      Damage    Failure   Level
 Sting                    Tmut/Pois      0%         1d3       26%         1
 Poisonous Vapours        Pois/Air       0%         N/A       38%         2
 Stone Arrow              Conj/Erth      10%        3d7       38%         3
 Olgreb's Toxic Radiance  Pois           0%         N/A       95%         4


Dungeon Overview and Level Annotations

Branches:
Dungeon (1/15)

Altars:


Innate Abilities, Weirdness & Mutations

You are amphibious.
You cover ground slowly.
You can hop short distances.
You have an extended range of vision and can be seen from far away.


Message History

Aiming: Sandblast (safe; 8% risk of failure)
Press: ? - help, Q - select action, (/) - cycle Shift-Dir - straight line, f - hobgoblin
Aim: a hobgoblin (81% to hit)
The blast of sand misses the hobgoblin.
Aiming: Sandblast (safe; 8% risk of failure)
Press: ? - help, Q - select action, (/) - cycle Shift-Dir - straight line, f/p - hobgoblin
Aim: a hobgoblin (81% to hit)
The blast of sand hits the hobgoblin!
You kill the hobgoblin!
The quokka bites you.
Aiming: Sandblast (safe; 8% risk of failure)
Press: ? - help, Q - select action, (/) - cycle Shift-Dir - straight line, f - quokka
Aim: a quokka (73% to hit)
The blast of sand misses the quokka.
The quokka bites you. The quokka closely misses you. The quokka bites you.
The quokka closely misses you. The quokka attacks as you move away!
The quokka closely misses you. x2
The quokka closely misses you. The quokka bites you. x2
The quokka attacks as you move away! The quokka bites you.
The quokka attacks as you move away! The quokka closely misses you.
The goblin hits you with a +0 club.
* * * LOW HITPOINT WARNING * * *
The quokka bites you.
* * * LOW HITPOINT WARNING * * *
The goblin hits you but does no damage. The goblin attacks as you move away!
The goblin hits you with a +0 club.
* * * LOW HITPOINT WARNING * * *
The quokka barely misses you.
You closely miss the quokka. The quokka bites you.
* * * LOW HITPOINT WARNING * * *
You barely miss the quokka. The quokka bites you.
* * * LOW HITPOINT WARNING * * *
You hit the quokka.
The quokka is almost dead.
The quokka bites you.
* * * LOW HITPOINT WARNING * * *
You aren't carrying any potions.
As you read the scroll of summoning, it crumbles to dust.
Wisps of shadow whirl around you... The quokka bites you.
You die...

### .#. ..## ###
...##... ..
........ .#.#
........ .bS#
........###.K#
...(.[..gr@..#
........r##.##
..........#..#####
........#r.......#
.......†.........#
#####............#
......#######....##
###### #...†.###
#####...#######


You could see 2 quokkas, a goblin, a friendly bat (summoned), a friendly ball
python (summoned) and a friendly kobold (summoned).

Vanquished Creatures
  An endoplasm (D:1)
  2 hobgoblins (D:1)
  A ball python (D:1)
  2 bats (D:1)
  A frilled lizard (D:1)
  3 rats (D:1)
10 creatures vanquished.

Notes
Turn   | Place    | Note
-------+----------+-------------------------------------------
     0 | D:1      | Radix the Barachi Wanderer began the quest for the Orb.
     0 | D:1      | Radix set off with the following items: a +3 short sword, a
                  | scroll of summoning, a +0 robe; and the following spell
                  | memorised: Sandblast; and the following spells available to
                  | memorise: Stone Arrow.
     0 | D:1      | Reached XP level 1. HP: 18/18 MP: 2/2
     6 | D:1      | Noticed a lindwurm
     6 | D:1      | Noticed a six-headed hydra
     7 | D:1      | Noticed a wolf
     7 | D:1      | Noticed a black mamba
   201 | D:1      | Reached XP level 2. HP: 25/25 MP: 4/4
   224 | D:1      | HP: 1/25 [quokka (1)]
   225 | D:1      | Slain by a quokka

Illustrated notes

Levels and vault maps discovered:
D:1:      onia_arrival_zoo_common, layout_rooms

Action                   || total
-------------------------++-------
Melee: Short sword       ||    20
 Cast: Sandblast         ||     4
  Use: Scroll            ||     1
 Stab: Sleeping          ||     1
Armor: Robe              ||     7
Dodge: Dodged            ||    15
